SR
MOOSE JAW CANUCKS @ GIBTOWN ELEPHANTS
05/09/2033
 
TOP OF THE 1ST
Moose Jaw Canucks batting - Pitching for Gibtown Elephants : RHP Ernesto López
Pitching: RHP Ernesto López
Batting: RHB António Valentín 0-0: Ball
1-0: Ball
2-0: Foul Ball, location: 2F
2-1: Ground out 4-3 (Groundball, 34)
Batting: SHB Ricardo Serna 0-0: Foul Ball, location: 2F
0-1: Fly out, F7 (Flyball, 7LMF)
Batting: RHB An-te-hai Qing 0-0: Called Strike
0-1: Foul Ball, location: 2F
0-2: Strikes out looking
Top of the 1st over - 0 runs, 0 hits, 0 errors, 0 left on base; Moose Jaw 0 - Gibtown 0
BOTTOM OF THE 1ST
Gibtown Elephants batting - Pitching for Moose Jaw Canucks : RHP Guillermo Guerrero
Pitching: RHP Guillermo Guerrero
Batting: RHB Arnie Taylor 0-0: Called Strike
0-1: Ball
1-1: SINGLE (Flyball, 9LS)
Batting: LHB King Rutledge 0-0: Ball
1-0: Ball
2-0: Foul Ball, location: 2F
Balk!
Arnie Taylor to second
2-1: Ball
3-1: Called Strike
3-2: DOUBLE (Line Drive, 89D)
Arnie Taylor scores
Batting: RHB Zi-cheng Sun 0-0: Ball
1-0: Fly out, F9 (Flyball, 89D)
Runner from 2nd tags up, SAFE at 3rd, no throw
Batting: LHB DeMarvion Overshown 0-0: DOUBLE (Line Drive, 9LS)
King Rutledge scores
Batting: RHB Tae-gyoon Ch'oe 0-0: Ball
1-0: Foul Ball, location: 2F
1-1: Ball
2-1: Foul Ball, location: 2F
2-2: Foul Ball, location: 2F
2-2: Foul Ball, location: 2F
2-2: Ball
3-2: Ground out 6-3 (Groundball, 6)
Batting: RHB Tae-wan Park 0-0: Ground out 6-3 (Groundball, 6)
Bottom of the 1st over - 2 runs, 3 hits, 0 errors, 1 left on base; Moose Jaw 0 - Gibtown 2
TOP OF THE 2ND
Moose Jaw Canucks batting - Pitching for Gibtown Elephants : RHP Ernesto López
Batting: RHB Qi-chao Di 0-0: Foul Ball, location: 2F
0-1: SINGLE (Groundball, 4MD)
Batting: RHB Yaakov Shmerkin 0-0: Hit by Pitch
Qi-chao Di to second
Batting: RHB Tim O'Brian 0-0: Grounds into double play, 5-4-3 (Groundball, 56)
Qi-chao Di to third
Batting: SHB Millard Guzowski 0-0: Ball
1-0: Foul Ball, location: 2F
1-1: Called Strike
1-2: Ball
2-2: Ball
3-2: Foul Ball, location: 2F
3-2: Strikes out swinging
Top of the 2nd over - 0 runs, 1 hit, 0 errors, 1 left on base; Moose Jaw 0 - Gibtown 2
BOTTOM OF THE 2ND
Gibtown Elephants batting - Pitching for Moose Jaw Canucks : RHP Guillermo Guerrero
Batting: RHB Ramón Pinamango 0-0: Swinging Strike
0-1: Ground out 5-3 (Groundball, 56S)
Batting: RHB Don Parker 0-0: Ball
1-0: Ground out 5-3 (Groundball, 56S)
Batting: LHB Kevin McIndeor 0-0: Called Strike
0-1: Ball
1-1: Ball
2-1: Foul Ball, location: 2F
2-2: Ball
3-2: SINGLE (Groundball, 34) (infield hit)
Batting: RHB Arnie Taylor 0-0: Swinging Strike
0-1: Ball
1-1: Ball
2-1: Swinging Strike
2-2: Ball
3-2: Ground out U3 (Groundball, 34)
Bottom of the 2nd over - 0 runs, 1 hit, 0 errors, 1 left on base; Moose Jaw 0 - Gibtown 2
TOP OF THE 3RD
Moose Jaw Canucks batting - Pitching for Gibtown Elephants : RHP Ernesto López
Batting: RHB Bernardo Rodríguez 0-0: Foul Ball, location: 2F
0-1: Called Strike
0-2: Ball
1-2: Ball
2-2: Foul Ball, location: 2F
2-2: Strikes out swinging
Batting: LHB Bryan Decker 0-0: Ball
1-0: Called Strike
1-1: Fly out, F7 (Line Drive, 7S)
Batting: RHB António Valentín 0-0: Fly out, F8 (Line Drive, 89D)
Top of the 3rd over - 0 runs, 0 hits, 0 errors, 0 left on base; Moose Jaw 0 - Gibtown 2
BOTTOM OF THE 3RD
Gibtown Elephants batting - Pitching for Moose Jaw Canucks : RHP Guillermo Guerrero
Batting: LHB King Rutledge 0-0: Called Strike
0-1: Foul Ball, location: 2F
0-2: Ball
1-2: SINGLE (Flyball, 9LS)
Batting: RHB Zi-cheng Sun 0-0: Ball
1-0: Called Strike
1-1: Swinging Strike
1-2: Foul Ball, location: 2F
1-2: Ball
2-2: Strikes out swinging
Batting: LHB DeMarvion Overshown 0-0: Called Strike
0-1: Ball
1-1: Ball
2-1: Called Strike
2-2: Ball
3-2: SINGLE (Flyball, 3D)
King Rutledge to second
Runner from 2nd tries for 3rd, SAFE, no throw
Batting: RHB Tae-gyoon Ch'oe 0-0: Called Strike
0-1: Called Strike
0-2: Ball
1-2: Ball
2-2: Foul Ball, location: 2F
2-2: Foul Ball, location: 2F
2-2: Ball
3-2: Foul Ball, location: 2F
3-2: DOUBLE (Line Drive, 7LD)
King Rutledge scores
DeMarvion Overshown to third
Batting: RHB Tae-wan Park 0-0: Ball
1-0: Ball
2-0: Ball
3-0: Called Strike
3-1: Foul Ball, location: 2F
3-2: Ground out 4-3 (Groundball, 4)
DeMarvion Overshown scores
Tae-gyoon Ch'oe to third
Batting: RHB Ramón Pinamango 0-0: Called Strike
0-1: Foul Ball, location: 2F
0-2: Ball
1-2: Strikes out looking
Bottom of the 3rd over - 2 runs, 3 hits, 0 errors, 1 left on base; Moose Jaw 0 - Gibtown 4
TOP OF THE 4TH
Moose Jaw Canucks batting - Pitching for Gibtown Elephants : RHP Ernesto López
Batting: SHB Ricardo Serna 0-0: Ball
1-0: SINGLE (Flyball, 89S)
Batting: RHB An-te-hai Qing 0-0: Foul Ball, location: 2F
0-1: Fly out, F7 (Flyball, 78M)
Batting: RHB Qi-chao Di 0-0: Ball
1-0: Called Strike
1-1: Ball
2-1: Ground out 6-3 (Groundball, 6S)
Ricardo Serna to second
Batting: RHB Yaakov Shmerkin 0-0: Called Strike
0-1: Swinging Strike
0-2: Strikes out swinging
Top of the 4th over - 0 runs, 1 hit, 0 errors, 1 left on base; Moose Jaw 0 - Gibtown 4
BOTTOM OF THE 4TH
Gibtown Elephants batting - Pitching for Moose Jaw Canucks : RHP Guillermo Guerrero
Batting: RHB Don Parker 0-0: Ball
1-0: SINGLE (Groundball, 56) (infield hit)
Batting: LHB Kevin McIndeor 0-0: Ball
1-0: Ball
2-0: Ball
3-0: Called Strike
3-1: SINGLE (Line Drive, 6MD)
Don Parker to second
Batting: RHB Arnie Taylor 0-0: Ball
1-0: Ball
2-0: Called Strike
2-1: Ball
3-1: Foul Ball, location: 2F
3-2: SINGLE (Groundball, 6S) (infield hit)
Don Parker to third
Kevin McIndeor to second
Batting: LHB King Rutledge 0-0: Ball
1-0: Ball
2-0: DOUBLE (Groundball, 3L)
Don Parker scores
Kevin McIndeor scores
Arnie Taylor to third
Batting: RHB Zi-cheng Sun 0-0: Called Strike
0-1: Called Strike
0-2: Foul Ball, location: 2F
0-2: Ball
1-2: Ground out 4-3 (Groundball, 4)
Arnie Taylor scores
King Rutledge to third
Batting: LHB DeMarvion Overshown 0-0: Ball
1-0: Ball
2-0: Ball
3-0: Foul Ball, location: 2F
3-1: Ground out 1-3 (Groundball, 15S)
Batting: RHB Tae-gyoon Ch'oe 0-0: Ball
1-0: Called Strike
1-1: Swinging Strike
1-2: Ball
2-2: Ball
3-2: Strikes out swinging, 2-3 out at first.
Bottom of the 4th over - 3 runs, 4 hits, 0 errors, 1 left on base; Moose Jaw 0 - Gibtown 7
TOP OF THE 5TH
Moose Jaw Canucks batting - Pitching for Gibtown Elephants : RHP Ernesto López
Batting: RHB Tim O'Brian 0-0: Ball
1-0: Called Strike
1-1: Foul Ball, location: 2F
1-2: Ball
2-2: SINGLE (Flyball, 9S)
Batting: SHB Millard Guzowski 0-0: Ball
1-0: Called Strike
1-1: Ball
2-1: Foul Ball, location: 2F
2-2: Foul Ball, location: 2F
2-2: Ball
3-2: Foul Ball, location: 2F
3-2: Strikes out swinging
Batting: RHB Bernardo Rodríguez 0-0: Ball
1-0: Called Strike
1-1: Ball
2-1: Ball
3-1: Fly out, F5 (Popup, 5S)
Batting: LHB Bryan Decker 0-0: Ball
1-0: Called Strike
1-1: Ball
2-1: Swinging Strike
Passed Ball!
Tim O'Brian to second
2-2: Ball
3-2: Ground out 4-3 (Groundball, 4S)
Top of the 5th over - 0 runs, 1 hit, 0 errors, 1 left on base; Moose Jaw 0 - Gibtown 7
BOTTOM OF THE 5TH
Gibtown Elephants batting - Pitching for Moose Jaw Canucks : RHP Guillermo Guerrero
Batting: RHB Tae-wan Park 0-0: Ball
1-0: Called Strike
1-1: Swinging Strike
1-2: Hit by Pitch
Batting: RHB Ramón Pinamango 0-0: Ball
1-0: Called Strike
1-1: Ball
2-1: Swinging Strike
2-2: Strikes out swinging
Batting: RHB Don Parker 0-0: Called Strike
0-1: Foul Ball, location: 2F
0-2: Ball
1-2: SINGLE (Groundball, 56D)
Tae-wan Park to second
Pitching: RHP Seppe Coussement
Batting: LHB Kevin McIndeor 0-0: Ball
1-0: Called Strike
1-1: Foul Ball, location: 2F
1-2: Ball
2-2: Ball
3-2: Fly out, F7 (Line Drive, 7LD)
Runner from 2nd tags up, SAFE at 3rd, no throw
Batting: RHB Arnie Taylor 0-0: Ball
1-0: Called Strike
1-1: DOUBLE (Line Drive, 8LD)
Tae-wan Park scores
Don Parker to third
Runner from 3rd tries for Home, SAFE, no throw
Batting: LHB King Rutledge 0-0: Called Strike
0-1: Foul Ball, location: 2F
0-2: Ball
1-2: Foul Ball, location: 2F
1-2: SINGLE (Flyball, 78M)
Arnie Taylor to third
Runner from 3rd tries for Home, SAFE, no throw
Batting: RHB Zi-cheng Sun 0-0: Called Strike
0-1: Ball
1-1: Fly out, F7 (Flyball, 7LS)
Bottom of the 5th over - 3 runs, 3 hits, 0 errors, 1 left on base; Moose Jaw 0 - Gibtown 10
TOP OF THE 6TH
Moose Jaw Canucks batting - Pitching for Gibtown Elephants : RHP Ernesto López
Batting: RHB António Valentín 0-0: Ball
1-0: Foul Ball, location: 2F
1-1: Swinging Strike
1-2: Ground out 6-3 (Groundball, 6)
Batting: SHB Ricardo Serna 0-0: Ground out 3-1 (Groundball, 34S)
Batting: RHB An-te-hai Qing 0-0: Foul Ball, location: 2F
0-1: Ball
1-1: Foul Ball, location: 2F
1-2: Strikes out looking
Top of the 6th over - 0 runs, 0 hits, 0 errors, 0 left on base; Moose Jaw 0 - Gibtown 10
BOTTOM OF THE 6TH
Gibtown Elephants batting - Pitching for Moose Jaw Canucks : RHP Seppe Coussement
Batting: LHB DeMarvion Overshown 0-0: Ball
1-0: Foul Ball, location: 2F
1-1: Foul Ball, location: 2F
1-2: Fly out, F7 (Flyball, 7D)
Batting: RHB Tae-gyoon Ch'oe 0-0: Ball
1-0: Swinging Strike
1-1: Foul Ball, location: 2F
1-2: Ball
2-2: Strikes out looking
Batting: RHB Tae-wan Park 0-0: Ball
1-0: Foul Ball, location: 2F
1-1: Foul Ball, location: 2F
1-2: Ball
2-2: Foul Ball, location: 2F
2-2: Ball
3-2: Base on Balls
Pinch Hitting: RHB Francis Raffone 0-0: Ball
1-0: Foul Ball, location: 2F
1-1: Ball
2-1: Ball
3-1: Foul Ball, location: 2F
3-2: Base on Balls
Tae-wan Park to second
Pinch Hitting: RHB Luis Romero 0-0: Ball
1-0: Foul Ball, location: 2F
1-1: Swinging Strike
1-2: Reached on error, E6 (Groundball, 6)
Tae-wan Park to third
Francis Raffone to second
Batting: LHB Kevin McIndeor 0-0: Ball
1-0: Ball
2-0: Ball
3-0: Called Strike
3-1: Base on Balls
Tae-wan Park scores
Francis Raffone to third
Luis Romero to second
Batting: RHB Arnie Taylor 0-0: Ball
1-0: Ball
2-0: Foul Ball, location: 2F
2-1: Ball
3-1: Foul Ball, location: 2F
3-2: Foul Ball, location: 2F
3-2: Foul Ball, location: 2F
3-2: Foul Ball, location: 2F
3-2: Base on Balls
Francis Raffone scores
Luis Romero to third
Kevin McIndeor to second
Batting: LHB King Rutledge 0-0: Ball
1-0: Ball
2-0: Foul Ball, location: 2F
2-1: SINGLE (Line Drive, 7S)
Luis Romero scores
Kevin McIndeor to third
Arnie Taylor to second
Runner from 3rd tries for Home, SAFE, throw made home
Batting: RHB Zi-cheng Sun 0-0: Called Strike
0-1: Ball
1-1: Ground out 4-3 (Groundball, 4M)
Bottom of the 6th over - 4 runs, 1 hit, 1 error, 2 left on base; Moose Jaw 0 - Gibtown 14
TOP OF THE 7TH
Moose Jaw Canucks batting - Pitching for Gibtown Elephants : RHP Ernesto López
Now at 3B: Luis Romero
Now at SS: Francis Raffone
Batting: RHB Qi-chao Di 0-0: Ball
1-0: Fly out, F8 (Line Drive, 8RM)
Batting: RHB Yaakov Shmerkin 0-0: Called Strike
0-1: Swinging Strike
0-2: Ball
1-2: Foul Ball, location: 2F
1-2: Ball
2-2: Foul Ball, location: 2F
2-2: Foul Ball, location: 2F
2-2: Strikes out swinging
Batting: RHB Tim O'Brian 0-0: Called Strike
0-1: Foul Ball, location: 2F
0-2: Strikes out swinging
Top of the 7th over - 0 runs, 0 hits, 0 errors, 0 left on base; Moose Jaw 0 - Gibtown 14
BOTTOM OF THE 7TH
Gibtown Elephants batting - Pitching for Moose Jaw Canucks : RHP Seppe Coussement
Pitching: RHP Billy Threepwood
Batting: LHB DeMarvion Overshown 0-0: Foul Ball, location: 2F
0-1: Foul Ball, location: 2F
0-2: Fly out, F8 (Flyball, 8RD)
Batting: RHB Tae-gyoon Ch'oe 0-0: Foul Ball, location: 2F
0-1: Ball
1-1: Ball
2-1: Foul Ball, location: 2F
2-2: Ball
3-2: Fly out, F3 (Popup, 3SF)
Pinch Hitting: LHB Ramón Fernández 0-0: Called Strike
0-1: Foul Ball, location: 2F
0-2: Ball
1-2: Strikes out swinging
Bottom of the 7th over - 0 runs, 0 hits, 0 errors, 0 left on base; Moose Jaw 0 - Gibtown 14
TOP OF THE 8TH
Moose Jaw Canucks batting - Pitching for Gibtown Elephants : RHP Ernesto López
Now in CF: Ramón Fernández
Batting: SHB Millard Guzowski 0-0: Called Strike
0-1: Ball
1-1: Ball
2-1: Ball
3-1: Ground out 6-3 (Groundball, 6)
Batting: RHB Bernardo Rodríguez 0-0: Foul Ball, location: 2F
0-1: Ball
1-1: Ball
2-1: Foul Ball, location: 2F
2-2: Strikes out looking
Batting: LHB Bryan Decker 0-0: Called Strike
0-1: Foul Ball, location: 2F
0-2: Ball
1-2: Ball
2-2: Strikes out swinging
Top of the 8th over - 0 runs, 0 hits, 0 errors, 0 left on base; Moose Jaw 0 - Gibtown 14
BOTTOM OF THE 8TH
Gibtown Elephants batting - Pitching for Moose Jaw Canucks : RHP Billy Threepwood
Batting: RHB Francis Raffone 0-0: Called Strike
0-1: Called Strike
0-2: Ball
1-2: Ball
2-2: Foul Ball, location: 2F
2-2: Foul Ball, location: 2F
2-2: Strikes out swinging
Batting: RHB Luis Romero 0-0: Foul Ball, location: 2F
0-1: Called Strike
0-2: SINGLE (Groundball, 25) (infield hit)
Batting: LHB Kevin McIndeor 0-0: Ball
Luis Romero steals 2nd base
1-0: Ball
2-0: Foul Ball, location: 2F
2-1: Swinging Strike
2-2: SINGLE (Groundball, 4) (infield hit)
Luis Romero to third
Batting: RHB Arnie Taylor 0-0: Ball
Kevin McIndeor is caught stealing 2nd base
1-0: Ball
2-0: Ball
3-0: Base on Balls
Batting: LHB King Rutledge 0-0: Ball
1-0: Ball
Arnie Taylor steals 2nd base
2-0: Called Strike
2-1: Ball
3-1: Foul Ball, location: 2F
3-2: Fly out, F8 (Flyball, 8RS)
Bottom of the 8th over - 0 runs, 2 hits, 0 errors, 2 left on base; Moose Jaw 0 - Gibtown 14
TOP OF THE 9TH
Moose Jaw Canucks batting - Pitching for Gibtown Elephants : RHP Ernesto López
Batting: RHB António Valentín 0-0: Swinging Strike
0-1: Swinging Strike
0-2: Ball
1-2: Ball
2-2: Strikes out swinging
Batting: SHB Ricardo Serna 0-0: SINGLE (Line Drive, 7LS)
Batting: RHB An-te-hai Qing 0-0: Ball
1-0: Ball
2-0: Called Strike
2-1: Ball
3-1: SINGLE (Groundball, 34D)
Ricardo Serna to second
Batting: RHB Qi-chao Di 0-0: Ball
1-0: Ball
2-0: Foul Ball, location: 2F
2-1: SINGLE (Groundball, 6MD)
Ricardo Serna to third
An-te-hai Qing to second
Batting: RHB Yaakov Shmerkin 0-0: Ball
1-0: SINGLE (Line Drive, 56D)
Ricardo Serna scores
An-te-hai Qing to third
Qi-chao Di to second
Pitching: LHP David Fuentes
Batting: RHB Tim O'Brian 0-0: Called Strike
0-1: Called Strike
0-2: Strikes out swinging
Batting: SHB Millard Guzowski 0-0: Ball
1-0: Foul Ball, location: 2F
1-1: Foul Ball, location: 2F
1-2: Fielders Choice at 2nd, 6-4 (Groundball, 6)
Top of the 9th over - 1 run, 4 hits, 0 errors, 3 left on base; Moose Jaw 1 - Gibtown 14
Saturday, December 22nd, 2018 - OOTP Baseball 18.8 Build 76